 Dungeon Crawl Stone Soup version 0.24-a0-487-g57318f2ed0 (webtiles) character file.

Game seed: 8662147226849189873

59 Bikalo the Cutter (level 4, -1/29 HPs)
             Began as a Kobold Berserker on July 11, 2019.
             Was a Believer of Trog.
             Slain by a goblin
             ... wielding a +0 club
              (6 damage)
             ... on level 2 of the Dungeon.
             The game lasted 00:03:06 (1159 turns).

Bikalo the Cutter (Kobold Berserker)                Turns: 1159, Time: 00:03:07

Health: -1/29      AC:  2    Str: 14    XL:     4   Next: 22%
Magic:  4/4        EV: 16    Int:  8    God:    Trog [**....]
Gold:   97         SH:  0    Dex: 15    Spells: 3/3 levels left

rFire    . . .     SeeInvis .   a - +0 short sword
rCold    . . .     Gourm    .   (shield restricted)
rNeg     . . .     Faith    .   b - +0 animal skin
rPois    .         Spirit   .   (no helmet)
rElec    .         Reflect  .   (no cloak)
rCorr    .         Harm     .   (no gloves)
MR       .....                  (no boots)
Stlth    +.........             (no amulet)
HPRegen  0.09/turn              (no ring)
MPRegen  0.09/turn              (no ring)

@: lethally poisoned (-1 -> -12), berserk cooldown, slowed, very slow
A: small, carnivore
a: Berserk, Trog's Hand, Renounce Religion


You were on level 2 of the Dungeon.
You worshipped Trog.
Trog was pleased with you.
You were not hungry.

You visited 1 branch of the dungeon, and saw 2 of its levels.

You collected 97 gold pieces.

Inventory:

Hand Weapons
 a - a +0 short sword (weapon)
Armour
 b - a +0 animal skin (worn)
Jewellery
 e - an uncursed ring of ice
Scrolls
 d - a scroll of remove curse {unknown}
 f - 4 scrolls of identify {unknown}
Potions
 g - a potion of might {unknown}
 h - 2 potions of curing {unknown}
Comestibles
 c - 2 rations


   Skills:
 + Level 3.7 Fighting
 * Level 5.1 Short Blades
 - Level 2.0 Armour
 + Level 3.1 Dodging


You had 3 spell levels left.
You didn't know any spells.
Your spell library was empty.

Dungeon Overview and Level Annotations

Branches:
Dungeon (2/15)

Altars:

Annotations:
D:2 Robin


Innate Abilities, Weirdness & Mutations

You are small and have problems with some larger weapons.
You are carnivorous and can eat meat at any time.


Message History

The goblin goes into a battle-frenzy!
The rat misses you.
You hit Robin.
Robin is heavily wounded.
You are no longer berserk.
You are exhausted.
You feel yourself slow down. Robin throws the goblin at you!
* * * LOW HITPOINT WARNING * * *
You hit Robin.
Robin is severely wounded.
You feel sick. The rat closely misses you. The goblin misses you.
Robin hits you but does no damage.
You are lethally poisoned!
* * * LOW HITPOINT WARNING * * *
You feel sick.
The hobgoblin no longer looks unusually strong. x2
The bullfrog closely misses you. The goblin barely misses you.
The bullfrog barely misses you. The rat bites you but does no damage.
The goblin hits you with a +0 club.
You die...

.......
#######.....#
#.....#.....#
#.....#.....#
#.....#.....#
#.....#.....#
#.....#gg)..##
#......gr@..<#
####..).Fg)..#
...F..'.........#
..)g..#.........#
......#.........#
..... #.........#
....g #.........#
.... ###########
....


You could see a bullfrog, Robin, 2 hobgoblins, a goblin and a rat.

Vanquished Creatures
  An adder (D:2)
  4 dart slugs (D:1)
  3 leopard geckos
  2 ball pythons
  A giant cockroach (D:1)
  10 goblins
  4 hobgoblins
  3 bats (D:1)
  3 frilled lizards
  3 kobolds (D:1)
  4 rats (D:1)
38 creatures vanquished.

Notes
Turn   | Place    | Note
-------+----------+-------------------------------------------
     0 | D:1      | Bikalo the Kobold Berserker began the quest for the Orb.
     0 | D:1      | Reached XP level 1. HP: 14/14 MP: 1/1
    48 | D:1      | Reached XP level 2. HP: 6/19 MP: 2/2
   567 | D:1      | Reached XP level 3. HP: 22/23 MP: 3/3
   653 | D:1      | Reached ** piety under Trog
  1132 | D:2      | Noticed Robin
  1135 | D:2      | Noticed a bullfrog
  1137 | D:2      | Reached skill level 5 in Short Blades
  1143 | D:2      | Reached XP level 4. HP: 26/29 MP: 4/4
  1159 | D:2      | Slain by a goblin

Levels and vault maps discovered:
D:1:      dpeg_arrival_water_fire, layout_basic
D:2:      layout_basic, old_standard_altar,
          nicolae_dithmenos_through_a_glass_darkly, uniq_robin, uniq_terence

Skill      XL: |  1  2  3 |
---------------+----------+-----
Armour         | 2 |  2.0
Dodging        | 3 |  3.1
Short Blades   | 5 |  5.1
Fighting       | |  3.7

Action                   |  1- 3 |  4- 6 || total
-------------------------+-------+-------++-------
Melee: Short sword       |    81 |    14 ||    95
Invok: Berserk           |     2 |       ||     2
 Stab: Sleeping          |     3 |       ||     3
  Eat: Chunk             |     5 |       ||     5
Armor: Animal skin       |     5 |     3 ||     8
Dodge: Dodged            |    47 |    11 ||    58

Table legend:
 A = Non-vault XP
 B = Vault XP
 C = Vault XP percentage of total XP
 D = Non-vault monster count
 E = Vault monster count
 F = Vault count percentage of total count
                 A         B        C        D         E       F
            +---------+---------+-------+---------+---------+-------
      Total |      69 |      16 |  18.8 |      30 |       8 |  21.1
            +---------+---------+-------+---------+---------+-------
        D:1 |      46 |       0 |   0.0 |      24 |       0 |   0.0
        D:2 |      23 |      16 |  41.0 |       6 |       8 |  57.1
            +---------+---------+-------+---------+---------+-------
